 Dungeon Crawl Stone Soup version 0.32-a0-411-g744942f433 (webtiles) character file.

Game seed: 5572449884011893380

1962 CougarLife the Geomancer (level 9, -1/45 HPs)
             Began as a Gargoyle Earth Elementalist on Feb 20, 2024.
             Was a Follower of Vehumet.
             Slain by a kobold
             ... wielding a +0 dagger
              (2 damage)
             ... on level 5 of the Dungeon.
             The game lasted 00:05:46 (5340 turns).

CougarLife the Geomancer (GrEE)                     Turns: 5340, Time: 00:05:47

Health: -1/45      AC:  8    Str: 12    XL:     9   Next: 19%
Magic:  9/18       EV: 11    Int: 20    God:    Vehumet [*.....]
Gold:   266        SH:  0    Dex: 10    Spells: 16/20 levels left

rFire   . . .        f - +0 dagger
rCold   . . .        (no shield)
rNeg    + + .        a - +0 robe
rPois   ∞            (no helmet)
rElec   +            (no cloak)
rCorr   .            (no gloves)
SInv    .            (no boots)
Will    .....        (no amulet)
Stlth   ++           l - ring of positive energy
HPRegen 0.27/turn    (no ring)
MPRegen 0.16/turn

%: no passive effects
@: no status effects
A: sickness immunity, AC +6, negative energy resistance 1, electricity
resistance, torment resistance 1, petrification resistance
a: Renounce Religion


You were on level 5 of the Dungeon.
You worshipped Vehumet.
Vehumet was aware of your devotion.
You visited 1 branch of the dungeon, and saw 6 of its levels.
You also visited: Sewer.

You collected 266 gold pieces.

Inventory:

Hand Weapons
 f - a +0 dagger (weapon)
Armour
 a - a +0 robe (worn)
Jewellery
 l - a ring of positive energy (left hand)
Wands
 n - a wand of charming (12)
 q - a wand of iceblast (8)
 s - a wand of mindburst (10)
Scrolls
 c - 3 scrolls of enchant armour {unknown}
 g - a scroll of blinking {unknown}
 j - a scroll of silence {unknown}
 k - 2 scrolls of identify {unknown}
 m - 2 scrolls of amnesia {unknown}
 r - 2 scrolls of teleportation {unknown}
 v - a scroll of fear {unknown}
 x - a scroll of vulnerability {unknown}
Potions
 b - a potion of magic
 d - 4 potions of curing {unknown}
 e - 2 potions of lignification {unknown}
 h - 3 potions of degeneration {unknown}
 i - 3 potions of heal wounds {unknown}
 o - a potion of invisibility {unknown}
 p - a potion of might {unknown}
 t - a potion of berserk rage {unknown}
 u - a potion of ambrosia {unknown}
 w - a potion of enlightenment {unknown}


   Skills:
 - Level 1.5 Dodging
 - Level 2.1 Stealth
 + Level 6.1 Spellcasting
 + Level 6.9 Conjurations
 + Level 3.7 Ice Magic
 + Level 8.4 Earth Magic


You had 16 spell levels left.
You knew the following spells:

 Your Spells              Type           Power      Damage    Failure   Level
a - Sandblast             Erth           80%        2d17      1%          1
b - Stone Arrow           Conj/Erth      74%        3d11      1%          3

Your spell library contained the following spells:

 Spells                   Type           Power      Damage    Failure   Level
 Freeze                   Ice            84%        1d9       2%          1
 Passwall                 Erth           40%        N/A       1%          3
 Brom's Barrelling Bould  Conj/Erth      37%        2d6       4%          4
 Apportation              Tloc           12%        N/A       11%         1
 Jinxbite                 Hex            12%        N/A       16%         2
 Petrify                  Alch/Erth      23%        N/A       19%         4
 Fulminant Prism          Conj/Alch      10%        3d8       24%         4
 Iskenderun's Mystic Bla  Conj/Tloc      20%        2d6       24%         4
 Volatile Blastmotes      Fire/Tloc      12%        2d11      30%         3
 Alistair's Intoxication  Alch           4%         N/A       96%         5


Dungeon Overview and Level Annotations

Branches:
Dungeon (6/15)              Sewer (visited)
 Temple: D:4-7

Altars:
Fedhas
Kikubaaqudgha
Makhleb
Nemelex Xobeh
Okawaru
Qazlal
Ru
Sif Muna
Trog
Vehumet

Shops:
D:3 :


Innate Abilities, Weirdness & Mutations

You are immune to sickness and miasma.
Your stone body is resilient. (AC +6)
You are immune to poison.
You resist negative energy. (rN+)
You are resistant to electric shocks. (rElec)
You are resistant to unholy torment.
You are immune to petrification.


Message History

The kobold barely misses you. The kobold closely misses you.
The kobold hits you with a +0 dagger.
* * * LOW HITPOINT WARNING * * *
The kobold misses you. The kobold hits you but does no damage.
Casting: Sandblast (safe; 1% risk of failure)
Confirm with . or Enter, or press ? or * to list all spells.
Aiming: Sandblast (safe; 1% risk of failure)
Press: ? - help, Shift-Dir - straight line, f/p - kobold
Aim: a kobold, wielding a +0 whip (80% to hit)
The blast of sand hits the kobold!!
You kill the kobold!
Vehumet accepts your kill.
The kobold hits you but does no damage. x2
The kobold hits you with a +0 dagger.
* * * LOW HITPOINT WARNING * * *
The kobold hits you with a +0 club.
* * * LOW HITPOINT WARNING * * *
Casting: Sandblast (safe; 1% risk of failure)
Confirm with . or Enter, or press ? or * to list all spells.
Aiming: Sandblast (safe; 1% risk of failure)
Press: ? - help, Shift-Dir - straight line, f - kobold
Aim: a kobold, wielding a +0 dagger and quivering stones (80% to hit)
The blast of sand hits the kobold!!
You kill the kobold!
Vehumet accepts your kill.
You feel your power returning. The kobold hits you but does no damage.
The kobold hits you with a +0 dagger.
* * * LOW HITPOINT WARNING * * *
The kobold closely misses you. The kobold hits you but does no damage.
The kobold closely misses you. The kobold hits you but does no damage.
Casting: Sandblast (safe; 1% risk of failure)
Confirm with . or Enter, or press ? or * to list all spells.
Aiming: Sandblast (safe; 1% risk of failure)
Press: ? - help, Shift-Dir - straight line, f - kobold
Aim: a kobold, wielding a +0 dagger and quivering stones (81% to hit)
The blast of sand hits the kobold!
You kill the kobold!
Vehumet accepts your kill. The kobold hits you with a +0 dagger.
You die...

##.#.....##............#
###...<................###
##...........)..........###
#.......................##.
########...#.......[.............
...............................#.
.######.......................###
.# #######....))...#.....>..###
.#####^^^P.#....@..###..........#
.##P.#P...P####KK)## #...........
..#.#..P_.P# #..### ###.........
##..##PP..P# #..##### #.........
#####P.PPP# #......####.........
#########..................#
#...........#........
##....#....##........
###..#.##...###.......


You could see 2 kobolds.

Vanquished Creatures
  Grinder (D:3)
  A steam dragon (D:5)
  2 ice beasts (D:5)
  Pargi (Sewer)
  A black bear (D:5)
  An ogre (D:5)
  2 phantoms
  A kobold brigand (D:6)
  A bullfrog (D:6)
  2 scorpions (D:5)
  3 wights (D:5)
  A bombardier beetle (D:5)
  A gnoll bouda (D:4)
  A jelly (D:5)
  Jessica (D:3)
  A sleepcap (D:5)
  3 iguanas
  2 orc wizards (D:3)
  9 gnolls
  7 adders
  2 shadow imps
  2 ufetubi (D:5)
  2 dart slugs
  15 orcs
  10 ball pythons
  6 endoplasms
  3 giant cockroaches
  4 goblins
  6 hobgoblins
  8 jackals
  3 quokkas
  4 bats
  3 frilled lizards
  11 kobolds
  6 rats
127 creatures vanquished.

Notes
Turn   | Place    | Note
-------+----------+-------------------------------------------
     0 | D:1      | CougarLife the Gargoyle Earth Elementalist began the quest
                  | for the Orb.
     0 | D:1      | Reached XP level 1. HP: 10/10 MP: 3/3
    85 | D:1      | Reached XP level 2. HP: 15/15 MP: 3/5
   126 | D:1      | Found a faded altar of an unknown god.
   301 | D:1      | Reached skill level 4 in Earth Magic
   399 | D:1      | Reached XP level 3. HP: 19/19 MP: 4/6
  1236 | D:2      | Reached XP level 4. HP: 24/24 MP: 6/8
  1869 | D:3      | Reached XP level 5. HP: 25/28 MP: 1/9
  1877 | D:3      | Found a glowing drain.
  1883 | Sewer    | Entered a sewer
  2050 | Sewer    | Noticed Pargi
  2065 | Sewer    | Killed Pargi
  2066 | Sewer    | Reached skill level 5 in Earth Magic
  2066 | Sewer    | Reached XP level 6. HP: 16/32 MP: 4/11
  2070 | Sewer    | Learned a level 3 spell: Stone Arrow
  2500 | D:3      | Found Atiot's Vocational Training.
  2557 | D:3      | Found a radiant altar of Vehumet.
  2661 | D:3      | Became a worshipper of Vehumet
  2701 | D:3      | Noticed Jessica
  2703 | D:3      | Killed Jessica
  2869 | D:3      | Found an iron altar of Okawaru.
  2869 | D:3      | Found a burning altar of Makhleb.
  2876 | D:3      | Found a shimmering blue altar of Sif Muna.
  2879 | D:3      | Found an ancient bone altar of Kikubaaqudgha.
  2892 | D:3      | Found a bloodstained altar of Trog.
  2894 | D:3      | Found a stormy altar of Qazlal.
  2910 | D:3      | Noticed Grinder
  2912 | D:3      | Paralysed by Grinder for 3 turns
  2922 | D:3      | Killed Grinder
  2923 | D:3      | Reached skill level 6 in Earth Magic
  2923 | D:3      | Reached XP level 7. HP: 6/36 MP: 1/13
  3581 | D:4      | Reached skill level 5 in Conjurations
  3794 | D:4      | Identified the +2 flail of Bipoizat {drain, rElec rC+
                  | Stlth-}
  3894 | D:4      | Reached * piety under Vehumet
  3894 | D:4      | Offered knowledge of Freeze by Vehumet.
  3969 | D:4      | Identified the +0 ring mail of Pan-Flutes {rN+}
  4104 | D:5      | Entered Level 5 of the Dungeon
  4107 | D:5      | Reached skill level 5 in Spellcasting
  4108 | D:5      | Reached skill level 7 in Earth Magic
  4109 | D:5      | Reached XP level 8. HP: 41/41 MP: 11/15
  4209 | D:5      | Reached skill level 1 in Ice Magic
  4680 | D:5      | Reached skill level 8 in Earth Magic
  4748 | D:5      | Reached XP level 9. HP: 10/45 MP: 4/18
  4919 | D:5      | Found a sparkling altar of Nemelex Xobeh.
  4954 | D:5      | Found a blossoming altar of Fedhas.
  5294 | D:5      | Found a sacrificial altar of Ru.
  5339 | D:5      | HP: 1/45 [kobold/+0 dagger (2)]
  5340 | D:5      | Slain by a kobold

Illustrated notes

Levels and vault maps discovered:
D:1:      spicycebolla_arrival_risky_transporter, layout_basic,
          nicolae_ecumenical_lake_church, minmay_tiny_reverse_x
D:2:      layout_basic, minmay_misc_feat_encased, roderic_roman_lattice,
          minivault_24, grunt_ministairs_14, chequers_serial_rivers_micro_e
D:3:      layout_basic, nicolae_overflow_hallway_of_the_gods,
          mainiacjoe_overflow_cross_hatched,
          mainiacjoe_sewer_entry_somewhere_in_here_1, nicolae_shop_vocational,
          uniq_jessica, uniq_grinder
D:4:      layout_rooms
D:5:      layout_cave_pools, mainiacjoe_overflow_two_lobes,
          nicolae_ru_the_path_less_chosen
D:6:      layout_basic, minmay_temple_entry_trees, grunt_ministairs_15,
          minmay_misc_feat_more_columns, minmay_misc_feat_tower,
          chequers_serial_rivers_micro_c, nicolae_ea-nasir_strikes_again

Skill      XL: |  1  2  3  4  5  6  7  8 |
---------------+-------------------------+-----
Earth Magic    | 4 5 6 7 8 |  8.4
Conjurations   | 2 3 4 5 6 |  6.9
Spellcasting   | 3 4 5 6 |  6.1
Ice Magic      | 3 |  3.7
Dodging        | |  1.5
Stealth        | |  2.1

Action                     |  1- 3 |  4- 6 |  7- 9 || total
---------------------------+-------+-------+-------++-------
  Melee: Unarmed           |     2 |       |       ||     2
         Dagger            |     1 |    16 |       ||    17
   Cast: Sandblast         |    33 |    64 |   117 ||   214
         Stone Arrow       |       |       |     6 ||     6
 Armour: Robe              |    12 |    48 |   118 ||   178
  Dodge: Dodged            |    12 |    51 |   104 ||   167

Table legend: (Time is in decaauts)
 A = Elapsed time spent in this place.
 B = Non-inter-level travel time spent in this place.
 C = Inter-level travel time spent in this place.
 D = Time resting spent in this place.
 E = Time spent auto-exploring this place.
 F = Levels seen in this place.
 G = Mean time per level.
                   A        B        C        D        E       F      G
               +--------+--------+--------+--------+--------+-----+--------+
         Total |   5465 |   5225 |    240 |    738 |   3645 |   7 |  780.7 |
       Dungeon |   5150 |   4910 |    240 |    569 |   3567 |   6 |  858.3 |
         Sewer |    315 |    315 |      0 |    169 |     78 |   1 |  315.0 |
               +--------+--------+--------+--------+--------+-----+--------+

Top non-repeatable levels by time:
     D:3: 1344 daAuts
     D:5: 1259 daAuts
     D:1: 889 daAuts
     D:2: 882 daAuts
     D:4: 764 daAuts
   Sewer: 315 daAuts
     D:6: 10 daAuts
